 Dungeon Crawl Stone Soup version 0.29-a0-330-g52719c12eb (webtiles) character file.

Game seed: 4387687291646147767

51 dohliylev the Grasshopper (level 3, -7/35 HPs)
             Began as a Troll Warper on May 27, 2022.
             Mangled by a gnoll
             ... wielding a +0 halberd
              (16 damage)
             ... on level 2 of the Dungeon.
             The game lasted 00:01:33 (886 turns).

dohliylev the Grasshopper (Troll Warper)             Turns: 886, Time: 00:01:34

Health: -7/35      AC:  4    Str: 21    XL:     3   Next: 57%
Magic:  4/4        EV: 10    Int:  9    God:
Gold:   34         SH:  0    Dex:  9    Spells: 5/5 levels left

rFire   . . .      SeeInvis .     - Unarmed
rCold   . . .      Faith    .   (no shield)
rNeg    . . .      Spirit   .   a - +0 robe
rPois   .          Reflect  .   (helmet restricted)
rElec   .          Harm     .   (no cloak)
rCorr   .          Rampage  .   (gloves unavailable)
Will    .....                   (boots unavailable)
Stlth   +.........              (no amulet)
HPRegen 0.91/turn               (no ring)
MPRegen 0.09/turn               (no ring)

@: no status effects
A: large, unfitting armour, claws 3, regeneration 1, shaggy fur 1, tough skin 1
a: no special abilities


You were on level 2 of the Dungeon.
You visited 1 branch of the dungeon, and saw 2 of its levels.

You collected 34 gold pieces.

Inventory:

Missiles
 c - 7 boomerangs of dispersal (quivered)
Armour
 a - a +0 robe (worn)
Jewellery
 i - a +6 ring of strength
Scrolls
 b - 2 scrolls of blinking
 d - a scroll of fear {unknown}
 e - 2 scrolls of noise {unknown}
 f - a scroll of fog {unknown}
 g - a scroll of teleportation {unknown}
 h - a scroll of vulnerability {unknown}
 k - a scroll of identify {unknown}
Potions
 j - a potion of curing {unknown}
 l - a potion of cancellation {unknown}


   Skills:
 + Level 2.1 Fighting
 + Level 0.8 Throwing
 + Level 2.0 Dodging
 + Level 2.3 Unarmed Combat
 + Level 1.5 Spellcasting
 + Level 2.6 Translocations


You had 5 spell levels left.
You didn't know any spells.
Your spell library contained the following spells:

 Spells                   Type           Power      Damage    Failure   Level
 Blink                    Tloc           10%        N/A       19%         2
 Gell's Gravitas          Tloc           5%         N/A       34%         3
 Lesser Beckoning         Tloc           5%         N/A       34%         3
 Teleport Other           Tloc           5%         N/A       34%         3
 Manifold Assault         Tloc           5%         N/A       97%         5


Dungeon Overview and Level Annotations

Branches:
Dungeon (2/15)

Altars:


Innate Abilities, Weirdness & Mutations

You are too large for most types of armour.
You have claws for hands.
Your natural rate of healing is unusually fast.
You are covered in fur. (AC +1)
You have tough skin. (AC +1)


Message History

You have reached level 3!
Your experience leads to an increase in your attributes!
Increase (S)trength, (I)ntelligence, or (D)exterity?
You feel stronger. x3
A gnoll comes into view. It is wielding a +0 halberd.
The gnoll shouts!
The gnoll hits you with a +0 halberd.
You claw the gnoll!
The gnoll is heavily wounded.
The gnoll hits you with a +0 halberd!
You claw the gnoll!
You kill the gnoll!
You scratch the gnoll but do no damage. The gnoll hits you with a +0 whip.
The gnoll attacks as you move away! The gnoll closely misses you.
The gnoll attacks as you move away! The gnoll barely misses you.
You claw the gnoll! Your claw misses the gnoll.
The gnoll is almost dead.
The gnoll hits you but does no damage.
You claw the gnoll!
You kill the gnoll!
The gnoll closely misses you. The gnoll hits you with a +0 halberd!
You see here a +0 whip.
You scratch the gnoll.
The gnoll is moderately wounded.
The gnoll hits you with a +0 halberd.
You scratch the gnoll but do no damage.
The gnoll is moderately wounded.
The gnoll hits you with a +0 halberd.
You closely miss the gnoll.
The gnoll is moderately wounded.
The gnoll barely misses you.
You barely miss the gnoll.
The gnoll is moderately wounded.
The gnoll hits you with a +0 halberd.
* * * LOW HITPOINT WARNING * * *
You barely miss the gnoll.
The gnoll is moderately wounded.
The gnoll hits you with a +0 halberd!
You die...

### ##.###########
..[....)..)..#######
<....#.#####...g@..#
#...##.# #.#####.#
...###.# #.# .# ##.#
#.# #.. .# #g# #.#
#.# .# ..g ..# #.#
.# ...#### #.# .#
.... #.. .#


You could see a gnoll.

Vanquished Creatures
  3 gnolls (D:2)
  A dart slug (D:1)
  An endoplasm (D:1)
  A giant cockroach (D:1)
  2 hobgoblins (D:1)
  2 quokkas (D:1)
  2 ball pythons (D:1)
  4 bats (D:1)
  2 frilled lizards (D:1)
  A kobold (D:1)
  3 rats (D:1)
22 creatures vanquished.

Notes
Turn   | Place    | Note
-------+----------+-------------------------------------------
     0 | D:1      | dohliylev the Troll Warper began the quest for the Orb.
     0 | D:1      | Reached XP level 1. HP: 19/19 MP: 1/1
   165 | D:1      | Reached XP level 2. HP: 28/28 MP: 3/3
   865 | D:2      | Reached XP level 3. HP: 32/35 MP: 4/4
   886 | D:2      | Mangled by a gnoll

Illustrated notes

Levels and vault maps discovered:
D:1:      mrwooster_arrival_statue_2, layout_basic, chequers_arboretum
D:2:      layout_loops_corners, ebering_ecumenical_altar_mist

Skill      XL: |  1  2 |
---------------+-------+-----
Dodging        | 2 |  2.0
Fighting       | 2 |  2.1
Throwing       | |  0.8
Unarmed Combat | |  2.3
Spellcasting   | |  1.5
Translocations | |  2.6

Action                   || total
-------------------------++-------
Melee: Unarmed           ||    59
Armor: Robe              ||    17
Dodge: Dodged            ||    36

Table legend: (Time is in decaauts)
 A = Elapsed time spent in this place.
 B = Non-inter-level travel time spent in this place.
 C = Inter-level travel time spent in this place.
 D = Time resting spent in this place.
 E = Time spent auto-exploring this place.
 F = Levels seen in this place.
 G = Mean time per level.
                   A        B        C        D        E       F      G
               +--------+--------+--------+--------+--------+-----+--------+
         Total |    883 |    867 |     16 |      0 |    712 |   2 |  441.5 |
       Dungeon |    883 |    867 |     16 |      0 |    712 |   2 |  441.5 |
               +--------+--------+--------+--------+--------+-----+--------+

Top non-repeatable levels by time:
     D:1: 849 daAuts
     D:2: 34 daAuts
